 Dungeon Crawl Stone Soup version 0.27-a0-323-gbd089401bb (webtiles) character file.

Game seed: 5970043652012352242

231 tabyourdongers the Sneak (level 5, 0/53 HPs)
             Began as a Troll Delver on Feb 10, 2021.
             Was an Initiate of Trog.
             Succumbed to a scorpion's poison
             ... on level 8 of the Dungeon.
             The game lasted 00:00:55 (446 turns).

tabyourdongers the Sneak (Troll Delver)              Turns: 446, Time: 00:00:55

Health: 0/53       AC:  6    Str: 21    XL:     5   Next: 73%
Magic:  4/4        EV: 10    Int:  6    God:    Trog [......]
Gold:   27         SH:  0    Dex: 11    Spells: 4/4 levels left

rFire    . . .     SeeInvis .     - Unarmed
rCold    . . .     Faith    .   (no shield)
rNeg     . . .     Spirit   .   a - +0 robe
rPois    .         Reflect  .   (helmet restricted)
rElec    .         Harm     .   (no cloak)
rCorr    .         Rampage  .   (gloves unavailable)
Will     .....                  (boots unavailable)
Stlth    ++........             (no amulet)
HPRegen  0.57/turn              (no ring)
MPRegen  0.09/turn              (no ring)

@: lethally poisoned (0 -> -4)
A: large, unfitting armour, claws 3, regeneration 1, shaggy fur 1, tough skin 3
a: Renounce Religion


You were on level 8 of the Dungeon.
You worshipped Trog.
Trog was noncommittal.
You visited 1 branch of the dungeon, and saw 4 of its levels.

You collected 27 gold pieces.

Inventory:

Armour
 a - a +0 robe (worn)
Jewellery
 g - a ring of resist corrosion {unknown}
Wands
 f - a wand of digging (3)
Scrolls
 b - a scroll of fog
 c - a scroll of magic mapping
 d - a scroll of fear
 i - a scroll of immolation {unknown}
Potions
 e - a potion of haste
 h - a potion of heal wounds {unknown}


   Skills:
 + Level 3.1 Fighting
 + Level 2.0 Dodging
 + Level 3.9 Stealth
 + Level 3.0 Unarmed Combat


You had 4 spell levels left.
You didn't know any spells.
Your spell library was empty.

Dungeon Overview and Level Annotations

Branches:
Dungeon (8/15)
 Temple: D:4-7         Lair: D:8-11

Altars:
Elyvilon
Trog
Zin
The Shining One


Innate Abilities, Weirdness & Mutations

You are too large for most types of armour.
You have claws for hands.
Your natural rate of healing is unusually fast.
You are covered in fur. (AC +1)
You have extremely tough skin. (AC +3)


Message History

You closely miss something.
You feel less confused.
You feel sick. The scorpion stings you! Something hits you but does no damage.
The orc hits you with a +0 dagger.
You claw the scorpion!
The scorpion is heavily wounded.
You feel sick.
The scorpion stings you but does no damage.
Something hits you.
You closely miss the scorpion.
The scorpion is heavily wounded.
You feel sick. The orc barely misses you. The scorpion stings you.
* * * LOW HITPOINT WARNING * * *
You are more poisoned.
The scorpion poisons you!
You scratch the scorpion but do no damage.
The scorpion is heavily wounded.
You feel sick. Something hits you but does no damage.
The orc completely misses you. The scorpion completely misses you.
A water moccasin comes into view.
Okay, then.
The water moccasin hisses angrily.
You scratch the scorpion.
The scorpion is heavily wounded.
You feel sick.
You hear some strange, mumbled words.
A magic dart appears from out of thin air!
The magic dart hits you.
* * * LOW HITPOINT WARNING * * *
The orc barely misses you. The scorpion stings you.
* * * LOW HITPOINT WARNING * * *
You scratch the scorpion but do no damage.
The scorpion is heavily wounded.
* * * LOW HITPOINT WARNING * * *
You feel sick. Something hits you but does no damage.
The orc closely misses you. The scorpion stings you.
* * * LOW HITPOINT WARNING * * *
You scratch the scorpion but do no damage.
The scorpion is heavily wounded.
You die...

#####'###......#.......#......
##..............#.......#......
#......^........#.......#......
#...............# #......
#...............# #......
#...............# .. #......
#...............# ... #......
#...............##.... #......
#...........).@....... #......
#............{so...... #......
##.................... #......
#.................... #......
#......##..))..S..... #......
#...... #............ #...>..
...... #............ #......
.... #........>... #......
#............ #......


You could see a water moccasin, a scorpion and an orc.

Vanquished Creatures
  An ogre (D:7)
  A phantom (D:8)
  An iguana (D:7)
  A worker ant (D:6)
  A white imp (D:6)
  5 orcs (D:8)
  2 jackals (D:6)
  A leopard gecko skeleton (D:6)
13 creatures vanquished.

Notes
Turn   | Place    | Note
-------+----------+-------------------------------------------
     0 | D:5      | tabyourdongers the Troll Delver began the quest for the
                  | Orb.
     0 | D:5      | Reached XP level 1. HP: 22/22 MP: 0/0
    10 | D:6      | Noticed a worker ant
    12 | D:6      | Found a bloodstained altar of Trog.
    15 | D:6      | Killed a worker ant
    16 | D:6      | Reached XP level 2. HP: 29/29 MP: 1/1
    30 | D:6      | Reached XP level 3. HP: 26/36 MP: 2/2
    34 | D:6      | Became a worshipper of Trog the Wrathful
   181 | D:7      | Noticed an ogre
   192 | D:7      | Killed an ogre
   193 | D:7      | Reached XP level 4. HP: 28/44 MP: 3/3
   193 | D:7      | Reached XP level 5. HP: 33/52 MP: 4/4
   268 | D:8      | Found a glowing silver altar of Zin.
   269 | D:8      | Found a glowing golden altar of the Shining One.
   272 | D:8      | Found a white marble altar of Elyvilon.
   349 | D:8      | Noticed a phantom
   371 | D:8      | Killed a phantom
   443 | D:8      | Noticed a water moccasin
   445 | D:8      | HP: 1/53 [scorpion (4)]
   446 | D:8      | Succumbed to a scorpion's poison

Illustrated notes

Levels and vault maps discovered:
D:5:      layout_gridville, nemelex_xobeh_ov_fountains_minmay,
          cheibriados_altar_1, grunt_temple_overflow_bloody_war,
          minmay_temple_entry_offerings, uniq_duvessa
D:6:      layout_basic, trog_three_pillars_becter
D:7:      layout_basic, uniq_pikel
D:8:      layout_gridville, good_gods_temple_1

Skill      XL: |  1  2  3  4  5 |
---------------+----------------+-----
Stealth        | 3 |  3.9
Fighting       | 3 |  3.1
Dodging        | 2 |  2.0
Unarmed Combat | 3 |  3.0

Action                   |  1- 3 |  4- 6 || total
-------------------------+-------+-------++-------
Melee: Unarmed           |    26 |    39 ||    65
 Stab: Sleeping          |     2 |       ||     2
Armor: Robe              |     5 |    15 ||    20
Dodge: Dodged            |    21 |    20 ||    41

Table legend: (Time is in decaauts)
 A = Elapsed time spent in this place.
 B = Non-inter-level travel time spent in this place.
 C = Inter-level travel time spent in this place.
 D = Time resting spent in this place.
 E = Time spent auto-exploring this place.
 F = Levels seen in this place.
 G = Mean time per level.
                   A        B        C        D        E       F      G
               +--------+--------+--------+--------+--------+-----+--------+
         Total |    442 |    442 |      0 |      0 |    316 |   4 |  110.5 |
       Dungeon |    442 |    442 |      0 |      0 |    316 |   4 |  110.5 |
               +--------+--------+--------+--------+--------+-----+--------+

Top non-repeatable levels by time:
     D:7: 198 daAuts
     D:8: 175 daAuts
     D:6: 66 daAuts
     D:5: 1 daAuts
